Ranyy, chaotic female elven Ranger ----- ------- |a.F. .....R| |....{... ----------- ------------ ...{....| -..............^... ----------- ------------...................- -.............................---------.............................- -..........................^.....................@..........?.....- -.....?.................................d...<..................d- --....?....)...)...............................(............/..-- --...^....................................ph..)..............-- --..................)...................e...d..?.............-- --.............................................................-- --...................../.........a..?.a.du....P.:................-- -...............N..............%..d.d.d@....d.....................- -.......<.................... ---------..d...q.a..........>.........- -................%. ---------- ------------......d...(.+......- |....{.. ----------- ------------....{....| |... =......| ---- -------- Ranyy the Trailblazer Experience level: 6 Strength: 16 Dexterity: 10 Constitution: 15 Intelligence: 13 Wisdom: 15 Charisma: 7 Health: 0(43) Energy: 48(48) Def: 14 Gold: 2720 Moves: 10717 Dungeon seed: oxZJxb9fgRp6v2Ek Game ID: Ranyy_1647871628 Your Inventory: Amulets X - an uncursed amulet of ESP (being worn) Weapons d - an uncursed +0 spear (alternate weapon; not wielded) e - an uncursed +1 elven bow (weapon in hand) C - an uncursed +1 elven dagger F - an uncursed +0 orcish dagger K - 15 uncursed +0 daggers P - 31 uncursed +0 elven arrows (in quiver) Q - 100 uncursed +0 arrows Armor a - an uncursed +0 plate mail (being worn) b - a blessed +2 elven cloak (being worn) n - an uncursed thoroughly rusty +0 pair of iron shoes (being worn) y - an uncursed thoroughly rusty +0 orcish helm (being worn) z - an uncursed +0 pair of leather gloves (being worn) Scrolls A - an uncursed scroll of light D - an uncursed scroll of enchant armor E - a cursed scroll of light H - a blessed scroll of blank paper R - an uncursed scroll of identify W - 2 uncursed scrolls of teleportation Z - a blessed scroll of light Potions G - an uncursed potion of invisibility Rings l - an uncursed ring of regeneration J - an uncursed -4 ring of adornment O - a blessed +2 ring of increase accuracy Wands i - an uncursed wand of sleep (0:6) V - an uncursed wand of secret door detection (0:13) Tools g - 6 uncursed wax candles (0:400) k - an uncursed skeleton key u - an uncursed +0 unicorn horn v - an uncursed tin whistle w - an uncursed magic whistle x - an uncursed +0 pick-axe B - an uncursed tinning kit (0:82) T - an uncursed towel U - an uncursed lock pick Gems q - 2 uncursed worthless pieces of violet glass r - an uncursed fluorite stone N - 3 uncursed worthless pieces of yellow glass Coins $ - 2720 gold pieces Spells and supernatural/magical abilities: Name Level Category Cost Memory n - detect monsters 1 divination 1000pw 92% w - wizard lock 2 matter 2000pw 92% K - cure sickness 3 healing 3000pw 94% W - pray for help -- divine ? -- Your skills at the end: Fighting Skills wands [Basic] Weapon Skills dagger [Skilled] spear [Basic] bow [Basic] Spellcasting Skills Final Attributes: You were piously aligned. You were immune to sleep. You saw invisible. You were strongly telepathic. You had automatic searching. You had infravision. You were stealthy. You were protected. You were slow. Mars was slightly pleased with you. You are dead (2nd time!). Vanquished creatures: 2 large mimics 3 small mimics a tengu a giant beetle 2 wolves a leprechaun a mumak a lizard a dingo 3 housecats a jaguar a white unicorn a raven a gnome mummy a snake a soldier ant 2 wood nymphs a water nymph a mountain nymph an orc shaman a rock piercer a rock mole a pony 2 fog clouds 4 yellow lights 2 shriekers a violet fungus 4 gnome lords a gnomish wizard a golden naga hatchling 2 gray oozes 2 straw golems a paper golem a giant ant a little dog 4 floating eyes 3 kittens 12 dwarves a kobold lord a kobold shaman 21 hill orcs 7 rothes 4 centipedes 2 giant bats 2 werejackals 4 iguanas 5 acid blobs 4 coyotes 4 hobbits 2 manes a large kobold 2 hobgoblins a giant rat 7 cave spiders 2 brown molds 5 yellow molds 3 green molds 2 red molds 27 gnomes 10 garter snakes 2 gnome zombies 2 geckos 17 jackals 2 foxes a kobold 6 goblins a sewer rat 10 grid bugs 2 bats 9 lichens a kobold zombie 11 newts 252 creatures vanquished. Voluntary challenges: You used a wielded weapon 133 times, starting on turn 655. You read items or engraved 72 times, starting on turn 284. You never genocided any monsters. You never polymorphed an object. You never changed form. You used no wishes. You never split a pudding. You wrote Elbereth's name 50 times, starting on turn 284. You never violated your personal moral code. Dungeon overview: The Dungeons of Doom: levels 1 to 10 Level 1 an altar to Mars, a fountain, a vault a long staircase Level 2 a vault Level 3 a scroll shop, a vault Level 4 a fountain stairs to The Gnomish Mines Level 5 an armor shop, a fountain, a vault Level 6 a general store, a fountain, a vault Level 7 an altar to Mercury, a fountain, a vault Level 8 a fountain Level 9 many fountains Level 10 <- You were here many fountains a long staircase The Gnomish Mines: levels 5 to 8 Level 5 stairs to The Dungeons of Doom Level 6 Level 7 many shops, a temple to Mars, some fountains Level 8 History has recorded: On T:1 you entered the Dungeons of Doom to retrieve the Amulet of Yendor! On T:221 you reached level 2 of The Dungeons of Doom. On T:372 you reached level 3 of The Dungeons of Doom. On T:601 you reached level 4 of The Dungeons of Doom. On T:668 you reached level 5 of The Dungeons of Doom. On T:708 you reached level 1 of The Gnomish Mines. On T:1232 you advanced to experience level 2. On T:2458 you reached level 2 of The Gnomish Mines. On T:3792 you reached level 3 of The Gnomish Mines. On T:4654 you advanced to experience level 3. On T:5018 you advanced to experience level 4. On T:5935 you reached level 4 of The Gnomish Mines. On T:6449 you advanced to experience level 5. On T:6601 you reached level 6 of The Dungeons of Doom. On T:8035 you reached level 7 of The Dungeons of Doom. On T:8743 you advanced to experience level 6. On T:8975 you reached level 8 of The Dungeons of Doom. On T:9279 you reached level 9 of The Dungeons of Doom. On T:9668 you reached level 10 of The Dungeons of Doom. On T:9688 you averted death Score breakdown: Gold: 2720 (11683 points) Experience: 6 levels (12456 points) Exploration: 10 levels ( 20.83%) (13127 points) Discoveries: 36 items ( 12.20%) (10480 points) Valuables value: (no points given unless you survive) Artifact value: 0 ( 0 points) Variety of kills: 72 monsters ( 18.95%) (13058 points) Turncount: 10717 turns (-2480 points) Survival: died (score multiplied by 80%) Total score: 46659 Latest messages: [2 turns] The fire ant bites! (2x) You are on fire! The dwarf lord picks up an orcish helm from the floor. Canopus speeds up. Sirius slows down under the floating eye's gaze. The wolf bites! The fire ant bites! The fire ant just misses! The fire ant misses. The fire ant bites! You are on fire! Canopus slows down under the floating eye's gaze. [3 turns] You write in the dust with your fingers. Sirius bites the fire ant. The wolf bites! The fire ant misses Sirius. (2x) The fire ant misses. (2x) The fire ant misses Sirius. (2x) The wolf bites! You die... Final status: Goodbye Ranyy the Ranger, killed by a wolf... You died in The Dungeons of Doom on dungeon level 10 with 46659 points, and 2720 pieces of gold, after 10717 moves. You were level 6 with a maximum of 43 hit points when you died.